 Dungeon Crawl Stone Soup version 0.23-a0-536-g5e0f5a2 (webtiles) character file.

9405 Arthanis the Arsonist (level 11, -9/55 HPs)
             Began as a Deep Elf Fire Elementalist on Dec 6, 2018.
             Was a Priest of Vehumet.
             Mangled by a two-headed ogre
             ... wielding a +0 giant club
              (24 damage)
             ... on level 11 of the Dungeon.
             The game lasted 00:29:38 (8179 turns).

Arthanis the Arsonist (Deep Elf Fire Elementalist)  Turns: 8179, Time: 00:29:39

Health: -9/55      AC:  5    Str:  5    XL:     11   Next: 22%
Magic:  21/27      EV: 13    Int: 24    God:    Vehumet [***...]
Gold:   785        SH:  0    Dex: 15    Spells: 17/31 levels left

rFire    . . .     SeeInvis .   k - +4 long sword
rCold    . . .     Gourm    .   (no shield)
rNeg     + . .     Faith    .   P - +2 robe {Archmagi}
rPois    .         Spirit   .   (no helmet)
rElec    .         Reflect  .   z - +0 cloak
rCorr    .         Harm     .   (no gloves)
MR       +....                  (no boots)
Stlth    ++........             C - amulet of magic regeneration
HPRegen  0.18/turn              r - ring of positive energy
MPRegen  0.45/turn              N - ring of flight

@: no status effects
A: no striking features
a: Renounce Religion, Evoke Flight


You were on level 11 of the Dungeon.
You worshipped Vehumet.
Vehumet was most pleased with you.
You were not hungry.

You visited 2 branches of the dungeon, and saw 12 of its levels.
You also visited: Sewer.

You collected 785 gold pieces.

Inventory:

Hand Weapons
 a - a +2 dagger of venom
 b - a +2 scythe of freezing
 k - a +4 long sword (weapon)
 l - a +2 dagger of freezing
 y - a +3 quarterstaff of chaos
 L - a +3 great sword
 M - a +1 glaive
 O - a +4 scimitar of flaming
Armour
 p - a +2 robe of cold resistance
 t - a +0 robe
 z - a +0 cloak (worn)
 A - a cursed -2 robe
 D - a +1 robe of magic resistance
 P - a +2 robe of the Archmagi (worn)
Magical Staves
 J - an uncursed staff of cold
 S - an uncursed staff of wizardry
Jewellery
 r - a ring of positive energy (left hand)
 C - an amulet of magic regeneration (around neck)
 I - an uncursed amulet of rage {unknown}
 N - a ring of flight (right hand)
Wands
 d - a wand of paralysis (9)
 w - a wand of enslavement (12)
 E - a wand of polymorph (12)
 Q - a wand of acid (10)
Scrolls
 j - 5 scrolls of teleportation
 s - 2 scrolls of blinking
 u - 2 scrolls of enchant armour {unknown}
 x - a scroll of random uselessness {unknown}
 B - 8 scrolls of identify {unknown}
 F - a scroll of magic mapping
 K - 2 scrolls of fog {unknown}
Potions
 e - 2 potions of invisibility {unknown}
 f - 4 potions of curing {unknown}
 g - a potion of ambrosia {unknown}
 h - a potion of might {unknown}
 i - 2 potions of heal wounds {unknown}
 m - a potion of lignification {unknown}
 n - 3 potions of haste {unknown}
 o - 4 potions of flight {unknown}
 q - a potion of cancellation {unknown}
 v - 2 potions of degeneration {unknown}
 H - a potion of agility
Comestibles
 c - 23 rations
 G - 7 chunks of flesh


   Skills:
 + Level 0.7 Fighting
 + Level 2.8 Dodging
 + Level 2.9 Stealth
 + Level 10.5 Spellcasting
 * Level 11.8 Conjurations
 * Level 12.3 Fire Magic
 + Level 1.0 Evocations


You had 17 spell levels left.
You knew the following spells:

 Your Spells              Type           Power        Failure   Level  Hunger
a - Flame Tongue          Conj/Fire      #####        1%          1    None
b - Conjure Flame         Conj/Fire      #######.     1%          3    None
c - Sticky Flame          Conj/Fire      #######.     1%          4    None
d - Fireball              Conj/Fire      #######...   1%          5    ####...
e - Shock                 Conj/Air       ####         1%          1    None

Your spell library contained the following spells:

 Spells                   Type           Power        Failure   Level  Hunger
 Olgreb's Toxic Radiance  Pois           ###.....     13%         4    None
 Throw Flame              Conj/Fire      ######       1%          2    None
 Dazzling Spray           Conj/Hex       ######       1%          3    None
 Inner Flame              Hex/Fire       ######..     1%          3    None
 Confusing Touch          Hex            ###...       4%          1    None
 Corona                   Hex            ###....      4%          1    None
 Ensorcelled Hibernation  Hex/Ice        ###...       8%          2    None
 Confuse                  Hex            ###.....     16%         3    None
 Gell's Gravitas          Tloc           ###.......   16%         3    None
 Tukima's Dance           Hex            ###.....     16%         3    None
 Yara's Violent Unravell  Hex/Tmut       ###.......   32%         5    ####...
 Petrify                  Tmut/Erth      ###.....     45%         4    None
 Metabolic Englaciation   Hex/Ice        ###.......   80%         5    ####...


Dungeon Overview and Level Annotations

Branches:
Dungeon (11/15)            Temple (1/1) D:7            Lair (0/6) D:8
    Orc (0/2) D:9

Altars:
Ashenzari
Cheibriados
Elyvilon
Fedhas
Gozag
Kikubaaqudgha
Nemelex Xobeh
Okawaru
Ru
Sif Muna
Uskayaw
Vehumet
Xom
The Shining One

Annotations:
D:4 1 runed door, pidr's ghost, novice TeFE
D:6 3 runed doors, Skuilla's ghost, novice MiBe


Message History

Confirm with . or Enter, or press ? or * to list all spells.
Aiming: Sticky Flame (safe; 1% risk of failure)
Press: ? - help, Shift-Dir - straight line, f - hound
Aim: a hound You feel a surge of power!
The sticky flame hits the hound.
The hound is heavily wounded.
The hound is covered in liquid flames!
The hound burns!
You kill the hound!
Vehumet accepts your kill.
You start resting.
A yak comes into view.
A yak is nearby!
A gargoyle comes into view. It is wielding a +0 flail.
A two-headed ogre comes into view. It is wielding two +0 giant clubs.
The sentinel's mark upon you fades away.
The two-headed ogre moves out of view.
The two-headed ogre hits you with a +0 giant club!
* * * LOW HITPOINT WARNING * * *
The two-headed ogre hits you with a +0 giant club!!
You die...

#...## ###..##
#....######
####..........
#.)....>.#####
##.###....######..
##...##..(.........
#.....#O###########
#.#####.....@.....#
#...9.Y.......###.#
########...####
#####


You could see a two-headed ogre and a yak.

Vanquished Creatures
  Erica (D:10)
  2 two-headed ogres
  A manticore (D:11)
  A troll (D:9)
  Prince Ribbit (D:7)
  A hornet (D:9)
  A hippogriff (D:9)
  Sigmund (D:6)
  Grum (D:9)
  Duvessa (D:5)
  A soldier ant (D:10)
  2 orc warriors
  2 ice beasts
  3 sky beasts
  A black bear (D:9)
  5 phantoms
  4 wolves (D:9)
  5 centaurs
  5 ogres
  2 crocodiles
  A big kobold (D:10)
  5 bullfrogs
  Dowan (D:5)
  6 killer bees (D:8)
  4 scorpions
  13 wights
  4 howler monkeys
  2 crimson imps
  Crazy Yiuf (D:7)
  A centaur skeleton (D:11)
  7 hounds
  7 orc priests
  3 jellies
  8 orc wizards
  2 bullfrog skeletons
  5 iguanas
  11 worker ants
  2 hound skeletons
  2 worker ant zombies
  4 gnolls (D:2)
  17 adders
  A river rat (D:5)
  5 shadow imps
  2 oozes
  An adder zombie (D:5)
  An adder skeleton (D:5)
  2 worms
  3 dart slugs
  8 leopard geckos
  53 orcs
  14 bats
  11 giant cockroaches
  13 goblins
  6 hobgoblins
  22 jackals
  5 quokkas
  2 ball pythons
  A ball python skeleton (D:4)
  3 frilled lizards
  A jackal skeleton (D:8)
  8 kobolds
  A leopard gecko skeleton (D:5)
  A leopard gecko zombie (D:7)
  11 rats
322 creatures vanquished.

Notes
Turn   | Place    | Note
-------+----------+-------------------------------------------
     0 | D:1      | Arthanis the Deep Elf Fire Elementalist began the quest for
                  | the Orb.
     0 | D:1      | Reached XP level 1. HP: 10/10 MP: 6/6
   131 | D:1      | Reached XP level 2. HP: 5/15 MP: 0/8
   641 | D:2      | Reached XP level 3. HP: 19/19 MP: 4/9
   653 | D:2      | Learned a level 3 spell: Conjure Flame
   756 | D:2      | Reached skill level 4 in Fire Magic
   804 | D:2      | Reached XP level 4. HP: 5/24 MP: 0/11
   835 | D:1      | Learned a level 4 spell: Sticky Flame
  1313 | D:2      | You fall through a shaft for 2 floors!
  1782 | D:3      | Reached XP level 5. HP: 16/28 MP: 8/13
  1824 | D:3      | Found a faded altar of an unknown god.
  1907 | D:3      | Reached skill level 5 in Fire Magic
  2434 | D:4      | Found a runed door.
  2437 | D:4      | Noticed pidr's ghost (novice TeFE)
  2461 | D:4      | Reached XP level 6. HP: 32/32 MP: 9/15
  2945 | D:4      | Reached skill level 5 in Spellcasting
  2990 | D:4      | Reached skill level 6 in Fire Magic
  3139 | D:5      | Entered Level 5 of the Dungeon
  3139 | D:5      | Noticed Duvessa
  3139 | D:5      | Noticed Dowan
  3146 | D:5      | Killed Dowan
  3146 | D:5      | Reached skill level 5 in Conjurations
  3146 | D:5      | Reached XP level 7. HP: 36/36 MP: 7/16
  3158 | D:5      | Killed Duvessa
  3387 | D:5      | Found a glowing drain.
  3391 | Sewer    | Entered a sewer
  3679 | D:5      | Learned a level 5 spell: Fireball
  3706 | D:5      | Reached skill level 7 in Fire Magic
  3725 | D:5      | Reached XP level 8. HP: 22/41 MP: 8/19
  4441 | D:6      | Found a runed gate.
  4441 | D:6      | Found a runed gate.
  4441 | D:6      | Found a runed gate.
  4508 | D:6      | Reached skill level 8 in Fire Magic
  4549 | D:6      | Noticed Skuilla's ghost (novice MiBe)
  4744 | D:6      | Found a shimmering altar of Xom.
  4759 | D:6      | Noticed Sigmund
  4766 | D:6      | Killed Sigmund
  4880 | D:7      | Noticed Prince Ribbit
  4883 | D:7      | Killed Prince Ribbit
  4883 | D:7      | Reached skill level 9 in Fire Magic
  4883 | D:7      | Reached XP level 9. HP: 45/45 MP: 6/22
  5150 | D:7      | Found a staircase to the Ecumenical Temple.
  5155 | Temple   | Entered the Ecumenical Temple
  5174 | Temple   | Became a worshipper of Vehumet
  5293 | D:7      | Found a runed door.
  5297 | D:7      | Noticed Crazy Yiuf
  5301 | D:7      | Killed Crazy Yiuf
  5831 | D:8      | Reached skill level 10 in Fire Magic
  5933 | D:8      | Reached * piety under Vehumet
  5933 | D:8      | Offered knowledge of Shock by Vehumet.
  5940 | D:8      | Learned a level 1 spell: Shock
  6015 | D:8      | Found a staircase to the Lair.
  6350 | D:8      | Found a deep blue altar of Sif Muna.
  6494 | D:9      | Reached XP level 10. HP: 50/50 MP: 20/25
  6506 | D:9      | Reached skill level 10 in Conjurations
  6510 | D:9      | Reached ** piety under Vehumet
  6512 | D:9      | Offered knowledge of Sandblast by Vehumet.
  6523 | D:9      | Found a staircase to the Orcish Mines.
  6704 | D:9      | Reached skill level 11 in Fire Magic
  6715 | D:9      | Offered knowledge of Ignite Poison by Vehumet.
  6751 | D:9      | Noticed a two-headed ogre
  6754 | D:9      | Killed a two-headed ogre
  6764 | D:9      | Noticed Grum
  6767 | D:9      | Killed Grum
  6769 | D:9      | Reached *** piety under Vehumet
  6981 | D:9      | Reached skill level 10 in Spellcasting
  7345 | D:10     | Entered Level 10 of the Dungeon
  7445 | D:10     | Noticed a two-headed ogre
  7462 | D:10     | Killed a two-headed ogre
  7482 | D:10     | Offered knowledge of Olgreb's Toxic Radiance by Vehumet.
  7503 | D:10     | Reached skill level 12 in Fire Magic
  7508 | D:10     | Noticed Erica
  7512 | D:10     | Killed Erica
  7512 | D:10     | Reached XP level 11. HP: 27/54 MP: 9/27
  8164 | D:11     | Reached skill level 1 in Evocations
  8177 | D:11     | Noticed a two-headed ogre
  8179 | D:11     | Mangled by a two-headed ogre

Vault maps used:
D:1:      dpeg_arrival_tiny_g, due_unseen_surprise
D:2:      first_ration
D:3:      chequers_ecumenical_altar_simple
D:4:      ebering_ghost_reflecting_pool
D:5:      gup_sewer_entry_bowl, minmay_misc_feat_columns, uniq_duvessa
D:6:      basic_altar, ebering_ghost_rock_garden, uniq_sigmund
D:7:      temple_statues, uniq_prince_ribbit1, uniq_crazy_yiuf_cottage
D:8:      lemuel_coloured_pillars_altar, lair_entry_dummy
D:9:      hiddenorc2_lemuel, uniq_grum
D:10:     uniq_erica
Temple:   nicolae_temple_the_god_donut
Sewer:    sewer_big_baddie

Skill      XL: |  1  2  3  4  5  6  7  8  9 10 11 |
---------------+----------------------------------+-----
Conjurations   | 2 3 4 5 6 8 9 11 | 11.8
Fire Magic     | 4 5 6 7 9 10 12 | 12.3
Spellcasting   | 4 5 6 7 9 10 | 10.5
Evocations     | 1 |  1.0
Fighting       | |  0.7
Dodging        | |  2.8
Stealth        | |  2.9

Action                   |  1- 3 |  4- 6 |  7- 9 | 10-12 || total
-------------------------+-------+-------+-------+-------++-------
Melee: Short sword       |     4 |     6 |       |       ||    10
       Spear             |       |    13 |       |       ||    13
       Scythe            |       |    20 |   104 |     6 ||   130
       Dagger            |       |     4 |     4 |       ||     8
 Cast: Flame Tongue      |    57 |   123 |   149 |   109 ||   438
       Conjure Flame     |       |     3 |    23 |     8 ||    34
       Sticky Flame      |       |     3 |    36 |    16 ||    55
       Fireball          |       |       |    10 |    18 ||    28
       Shock             |       |       |     6 |    73 ||    79
  Use: Scroll            |       |     5 |     1 |     2 ||     8
 Stab: Sleeping          |     2 |     4 |     4 |     2 ||    12
  Eat: Chunk             |       |     6 |    17 |     8 ||    31
Armor: Robe              |     6 |    14 |    24 |     9 ||    53
Dodge: Dodged            |    23 |    51 |   124 |    43 ||   241

Table legend:
 A = Non-vault XP
 B = Vault XP
 C = Vault XP percentage of total XP
 D = Non-vault monster count
 E = Vault monster count
 F = Vault count percentage of total count
                 A         B        C        D         E       F
            +---------+---------+-------+---------+---------+-------
      Total |   10621 |    2816 |  21.0 |     269 |      53 |  16.5
            +---------+---------+-------+---------+---------+-------
        D:1 |      38 |       0 |   0.0 |      20 |       0 |   0.0
        D:2 |     114 |       0 |   0.0 |      29 |       0 |   0.0
        D:3 |     185 |       0 |   0.0 |      31 |       0 |   0.0
        D:4 |     330 |       0 |   0.0 |      22 |       0 |   0.0
        D:5 |     583 |     241 |  29.2 |      27 |       6 |  18.2
        D:6 |    1016 |     223 |  18.0 |      25 |       1 |   3.8
        D:7 |     485 |     331 |  40.6 |      19 |       2 |   9.5
        D:8 |    1501 |       0 |   0.0 |      32 |       0 |   0.0
        D:9 |    3518 |     938 |  21.1 |      33 |      37 |  52.9
       D:10 |    2087 |     970 |  31.7 |      25 |       1 |   3.8
       D:11 |     764 |       0 |   0.0 |       6 |       0 |   0.0
      Sewer |       0 |     113 | 100.0 |       0 |       6 | 100.0
            +---------+---------+-------+---------+---------+-------
